 Dungeon Crawl Stone Soup version 0.27-a0-978-g2aa4ecdaef (webtiles) character file.

Game seed: 1072540939874276835

3573 dickylongcocking the Thaumaturge (level 10, -7/67 HPs)
             Began as a Djinni Fire Elementalist on Apr 14, 2021.
             Shot with an arrow by a centaur (13 damage)
             ... on level 8 of the Dungeon.
             The game lasted 00:11:27 (12814 turns).

dickylongcocking the Thaumaturge (DjFE)            Turns: 12814, Time: 00:11:27

Health: -7/67      AC:  6    Str:  7    XL:     10   Next: 9%
Gold:   515        EV: 14    Int: 27    God:
                   SH:  5    Dex: 13

rFire    + + +     SeeInvis .   z - +0 flail (protect)
rCold    x x .     Faith    .   (no shield)
rNeg     . . .     Spirit   .   a - +0 robe
rPois    ∞         Reflect  +   l - +1 helmet
rElec    .         Harm     .   g - +1 cloak
rCorr    .         Rampage  .   (no gloves)
Will     +....                  (boots unavailable)
Stlth    +++.......             f - amulet of reflection
HPRegen  0.21/turn              H - ring of fire
MPRegen  0.00/turn              F - +6 ring of intelligence

@: flying
A: fire resistance 2, cold vulnerability 1, float, innate caster, hp casting,
extra vitality 1
a: no special abilities


You were on level 8 of the Dungeon.
You visited 2 branches of the dungeon, and saw 9 of its levels.

You collected 515 gold pieces.

Inventory:

Hand Weapons
 b - a +0 short sword
 e - a +1 short sword of venom
 j - a +2 dagger of venom
 x - a +1 vorpal falchion
 z - a +0 flail of protection (weapon)
Missiles
 c - 3 throwing nets
Armour
 a - a +0 robe (worn)
 g - a +1 cloak (worn)
 l - a +1 helmet (worn)
 o - a +0 buckler
 J - a +3 ring mail
Jewellery
 f - an amulet of reflection (around neck)
 i - an amulet of faith
 m - a ring of resist corrosion
 A - a ring of ice
 F - a +6 ring of intelligence (right hand)
 H - a ring of fire (left hand)
 K - an amulet of the acrobat
Wands
 w - a wand of polymorph (10)
 y - a wand of flame (19)
Scrolls
 d - 5 scrolls of identify {unknown}
 k - a scroll of silence {unknown}
 p - 2 scrolls of enchant weapon {unknown}
 q - 2 scrolls of teleportation {unknown}
 r - 2 scrolls of amnesia {unknown}
 v - a scroll of magic mapping
 D - a scroll of enchant armour {unknown}
 E - 3 scrolls of noise {unknown}
 G - a scroll of summoning {unknown}
Potions
 h - a potion of haste
 n - a potion of attraction {unknown}
 s - 2 potions of ambrosia {unknown}
 t - 2 potions of cancellation
 u - 2 potions of flight
 B - 3 potions of brilliance {unknown}
 C - a potion of degeneration {unknown}
 I - a potion of might {unknown}


   Skills:
 + Level 3.0 Fighting
 + Level 2.7(3.1) Short Blades
 + Level 1.8(2.5) Long Blades
 + Level 1.9 Maces & Flails
 + Level 6.4 Dodging
 + Level 4.7 Stealth
 + Level 1.7 Shields
 + Level 0.8 Unarmed Combat
 + Level 9.0 Spellcasting


You had one spell level left.
You knew the following spells:

 Your Spells              Type           Power      Damage    Failure   Level
a - Foxfire               Conj/Fire      100%       2x1d9     1%          1
b - Conjure Flame         Conj/Fire      75%        6-21      1%          3
c - Inner Flame           Hex/Fire       75%        N/A       1%          3
d - Sticky Flame          Conj/Fire      75%        2d9       1%          4
e - Fireball              Conj/Fire      37%        3d15      3%          5
f - Pain                  Necr           100%       1d9       1%          1
g - Passwall              Tmut/Erth      47%        N/A       1%          2
h - Spider Form           Tmut/Pois      28%        N/A       1%          3
i - Passage of Golubria   Tloc           N/A        N/A       1%          4
Your spell library was empty.

Dungeon Overview and Level Annotations

Branches:
Dungeon (8/15)             Temple (1/1) D:5
   Lair: D:8-11

Altars:
Dithmenos
Elyvilon
Fedhas
Gozag
Hepliaklqana
Kikubaaqudgha
Nemelex Xobeh
Okawaru
Qazlal
Sif Muna
Trog
Uskayaw
Vehumet
Wu Jian
Yredelemnul
Zin
The Shining One


Innate Abilities, Weirdness & Mutations

You are immune to poison.
Your flesh is very heat resistant. (rF++)
You are vulnerable to cold. (rC-)
You float through the air rather than walking.
You learn spells naturally, not from books.
Your magical power is your life essence.
You have superior vitality. (+4 HP)


Message History

The killer bee zombie is heavily damaged.
You block the killer bee zombie's attack.
Unknown command.
Unknown command.
Unknown command.
The killer bee zombie barely misses you.
The steam dragon breathes steam at you. The ball of steam hits you. You resist.
* * * LOW HITPOINT WARNING * * *
You hear a shout!
You hear a bellow!
Unknown command.
Unknown command.
You enter the passage of Golubria.
The centaur shoots an arrow.
The arrow hits you!
* * * LOW HITPOINT WARNING * * *
The killer bee zombie is engulfed in a cloud of scalding steam.
You block the killer bee zombie's attack.
There is a passage of Golubria here.
There are monsters nearby!
Unknown command.
Unknown command.
Okay, then.
Okay, then.
Okay, then.
Okay, then.
As you read the scroll labelled TEIBBIFUEV, it crumbles to dust.
You feel aware of your surroundings.
You sensed 1 altar.
It was a scroll of magic mapping.
The centaur shoots an arrow.
The arrow closely misses you.
The killer bee zombie is engulfed in a cloud of scalding steam.
You block the killer bee zombie's attack.
The killer bee zombie is engulfed in a cloud of scalding steam.
The killer bee zombie is destroyed!
Unknown command.
Unknown command.
Unknown command.
Unknown command.
Okay, then.
The centaur shoots an arrow.
The arrow hits you!
You die...

#######
#.#..........,,,,,,,,**
#.##g.......,,,..,,,,**
#.##.........,...,,,***
*******####...........#,,,,,*,
*,,,,,,***,K.##....#..#.,,,,,,
*,,,,,,*,,,##.)..#......,,,***
*,,,,,,,,*##.,#.)#......,,,,,,
*,,,,,..###..##..[......,,,,**
*,,,,,,#....§@§)<.......,,,,,,
*,,,,,,#.....§.).#####...,,,,,
***,***#......^))#####....,,,,
*,,* #......).§.....v...,,,,
**,**#.....§.c§####.....,,*,
**,*...##.####D.....#*******
**,,,.##*#.* #....### *,
*****,,,**,,,..* #....# *,
,,,,,,*,*,,*###* #...## *****,


You could see a steam dragon (wandering) and a centaur.

Vanquished Creatures
  Grinder (D:6)
  Edmund (D:4)
  An acid dragon (D:6)
  An orc warrior (D:7)
  2 ice beasts
  A black bear (D:4)
  4 ogres
  A sky beast (D:5)
  A centaur (D:7)
  Blork the orc (D:6)
  A kobold brigand (D:8)
  3 bullfrogs
  2 gnoll sergeants (D:8)
  A wyvern zombie (D:7)
  4 scorpions
  A water moccasin zombie (D:5)
  A water moccasin skeleton (D:5)
  6 killer bees (D:7)
  5 electric eels (D:7)
  A bullfrog zombie (D:5)
  2 centaur zombies (D:5)
  5 jellies
  3 orc priests
  2 hounds
  A gnoll shaman (D:7)
  An iguana (D:6)
  5 orc wizards
  A scorpion zombie (D:5)
  Robin (D:2)
  13 gnolls
  6 adders
  3 shadow imps
  A white imp (D:5)
  2 ufetubi (D:5)
  An adder skeleton (D:4)
  3 worms
  2 dart slugs
  25 orcs
  14 ball pythons
  4 bats
  8 endoplasms
  A giant cockroach (D:4)
  14 goblins
  15 hobgoblins
  4 quokkas
  3 frilled lizards
  5 kobolds
  A quokka skeleton (D:4)
  4 rats
189 creatures vanquished.

Vanquished Creatures (collateral kills)
  2 foxfires (D:7)
2 creatures vanquished.

Vanquished Creatures (others)
  A killer bee zombie (D:8)
  397 foxfires
  15 plants
413 creatures vanquished.

Grand Total: 604 creatures vanquished

Notes
Turn   | Place    | Note
-------+----------+-------------------------------------------
     0 | D:1      | dickylongcocking the Djinni Fire Elementalist began the
                  | quest for the Orb.
     0 | D:1      | Reached XP level 1. HP: 15/15 MP: 0/0
   451 | D:1      | Reached skill level 3 in Spellcasting
   456 | D:1      | Reached XP level 2. HP: 13/21 MP: 0/0
   757 | D:1      | Found a faded altar of an unknown god.
   759 | D:1      | You are sucked into a shaft and drop 1 floor!
   788 | D:2      | Reached XP level 3. HP: 20/25 MP: 0/0
   788 | D:2      | Learned a level 1 spell: Pain
  1778 | D:2      | Reached XP level 4. HP: 12/31 MP: 0/0
  1792 | D:2      | Found a glowing silver altar of Zin.
  2073 | D:2      | Reached skill level 4 in Spellcasting
  2194 | D:2      | Noticed Robin
  2234 | D:2      | Killed Robin
  3328 | D:3      | Reached XP level 5. HP: 29/36 MP: 0/0
  3328 | D:3      | Learned a level 2 spell: Passwall
  3587 | D:3      | Noticed an ogre
  3596 | D:3      | Killed an ogre
  3597 | D:3      | Reached skill level 1 in Short Blades
  3896 | D:4      | Reached XP level 6. HP: 38/41 MP: 0/0
  4510 | D:4      | Reached skill level 1 in Fighting
  4810 | D:4      | Noticed an ice beast
  5021 | D:4      | Killed an ice beast
  5022 | D:4      | Reached skill level 1 in Shields
  5022 | D:4      | Reached XP level 7. HP: 24/47 MP: 0/0
  5022 | D:4      | Learned a level 3 spell: Spider Form
  5100 | D:4      | Reached skill level 5 in Spellcasting
  5967 | D:4      | HP: 2/47 [goblin/stone (5)]
  6480 | D:4      | Noticed Edmund
  6497 | D:4      | Killed Edmund
  6728 | D:5      | Entered Level 5 of the Dungeon
  6750 | D:5      | Reached XP level 8. HP: 25/53 MP: 0/0
  6773 | D:4      | Reached skill level 1 in Long Blades
  7398 | D:5      | Reached skill level 5 in Dodging
  7653 | D:5      | Reached skill level 6 in Spellcasting
  7696 | D:5      | Reached skill level 1 in Maces & Flails
  7696 | D:5      | Found a staircase to the Ecumenical Temple.
  7704 | Temple   | Entered the Ecumenical Temple
  8261 | D:6      | Noticed Blork the orc
  8408 | D:6      | Killed Blork the orc
  8584 | D:6      | Noticed Grinder
  8593 | D:6      | Paralysed by Grinder for 3 turns
  8601 | D:6      | Killed Grinder
  8602 | D:6      | Reached XP level 9. HP: 27/58 MP: 0/0
  8602 | D:6      | Learned a level 4 spell: Passage of Golubria
  9126 | D:6      | Found a sparkling altar of Nemelex Xobeh.
  9234 | D:6      | Reached skill level 7 in Spellcasting
 10769 | D:7      | Reached skill level 8 in Spellcasting
 11710 | D:8      | Found an iron altar of Okawaru.
 12128 | D:8      | Reached XP level 10. HP: 62/66 MP: 0/0
 12797 | D:8      | Reached skill level 9 in Spellcasting
 12814 | D:8      | Shot with an arrow by a centaur

Illustrated notes

Levels and vault maps discovered:
D:1:      dpeg_arrival_simpleton_b, layout_rooms, basic_ecumenical_altar,
          minmay_shallow_snake_nest
D:2:      layout_rooms, basic_altar, uniq_robin
D:3:      layout_basic, minmay_quadrilaterals
D:4:      layout_loops_cross, lemuel_doored_altar, minmay_pentangle, uniq_edmund
D:5:      layout_rooms, minmay_temple_entry_statues_fountains
D:6:      layout_cave_pods, nemelex_spade_bored_becter, uniq_grinder,
          uniq_blork_the_orc
D:7:      layout_basic, serial_bayou_lake_a
D:8:      layout_rooms, kennysheep_mini, lemuel_tele_altar, minivault_5
Temple:   dpeg_chambers_temple

Skill      XL: |  1  2  3  4  5  6  7  8  9 10 |
---------------+-------------------------------+-----
Spellcasting   | 3 4 5 6 8 9 |  9.0
Stealth        | 2 3 4 |  4.7
Short Blades   | 1 2 |  2.7
Dodging        | 3 4 5 6 |  6.4
Fighting       | 1 2 3 |  3.0
Shields        | 1 |  1.7
Long Blades    | 1 |  1.8
Maces & Flails | 1 |  1.9
Unarmed Combat | |  0.8

Action                   |  1- 3 |  4- 6 |  7- 9 | 10-12 || total
-------------------------+-------+-------+-------+-------++-------
Melee: Short sword       |    13 |    20 |       |       ||    33
       Dagger            |       |    67 |    27 |       ||    94
       Unarmed           |       |       |     9 |       ||     9
       Falchion          |       |       |     8 |       ||     8
       Flail             |       |       |    25 |     1 ||    26
       Punch             |       |       |     1 |       ||     1
 Cast: Foxfire           |    69 |    35 |   116 |    27 ||   247
       Pain              |     2 |     2 |       |       ||     4
       Inner Flame       |       |    11 |     9 |     8 ||    28
       Sticky Flame      |       |     3 |    36 |       ||    39
       Spider Form       |       |       |     2 |       ||     2
       Fireball          |       |       |     7 |       ||     7
       Passage of Golubr |       |       |       |     1 ||     1
  Use: Potion            |       |     2 |     8 |       ||    10
       Scroll            |       |       |       |     1 ||     1
 Stab: Sleeping          |       |     4 |     2 |       ||     6
Armor: Robe              |     3 |    25 |    43 |     4 ||    75
Dodge: Dodged            |    14 |    93 |   103 |    14 ||   224
Block: Other             |     3 |    12 |    11 |    12 ||    38
       Rpst.: Falchion   |       |       |     1 |       ||     1

Table legend: (Time is in decaauts)
 A = Elapsed time spent in this place.
 B = Non-inter-level travel time spent in this place.
 C = Inter-level travel time spent in this place.
 D = Time resting spent in this place.
 E = Time spent auto-exploring this place.
 F = Levels seen in this place.
 G = Mean time per level.
                   A        B        C        D        E       F      G
               +--------+--------+--------+--------+--------+-----+--------+
         Total |  12777 |  12465 |    312 |   4639 |   6411 |   9 | 1419.7 |
       Dungeon |  12505 |  12193 |    312 |   4639 |   6189 |   8 | 1563.1 |
        Temple |    271 |    271 |      0 |      0 |    222 |   1 |  271.0 |
               +--------+--------+--------+--------+--------+-----+--------+

Top non-repeatable levels by time:
     D:7: 2275 daAuts
     D:4: 2246 daAuts
     D:6: 2044 daAuts
     D:3: 1799 daAuts
     D:1: 1627 daAuts
     D:2: 1287 daAuts
     D:5: 1139 daAuts
  Temple: 271 daAuts
     D:8: 85 daAuts
